 Dungeon Crawl Stone Soup version 0.16-a0-3843-ged98c6c (console) character file.

1832 mauris the Archer (level 8, 0/66 HPs)
             Began as a Centaur Wanderer on Jan 30, 2015.
             Shot with an arrow by a centaur (8 damage)
             ... on level 6 of the Dungeon.
             The game lasted 00:40:25 (10571 turns).

mauris the Archer (Centaur Wanderer)               Turns: 10571, Time: 00:40:25

Health: 0/66       AC:  7    Str: 19    XL:     8   Next: 86%
Magic:  9/9        EV:  9    Int: 10    God:
Gold:   328        SH:  0    Dex:  8    Spells: 1 memorised, 9 levels left

rFire  . . .     SeeInvis .     b - +0 shortbow
rCold  + . .     Clarity  .     n - +0 robe
rNeg   . . .     SustAb   .     (no shield)
rPois  .         Gourm    .     l - +1 hat
rElec  .         Spirit   .     w - +1 cloak {MR+}
rCorr  .         Warding  .     (no gloves)
rMut   .         Stasis   .     (no barding)
MR     +....                    (no amulet)
Stlth  +.........               (no ring)
                                g - ring of protection from cold

@: very quick, somewhat resistant to hostile enchantments, very unstealthy
A: hooves 3, deformed body, speed 2, tough skin 3
a: no special abilities


You were on level 6 of the Dungeon.
You were not hungry.

You visited 1 branch of the dungeon, and saw 6 of its levels.

You collected 328 gold pieces.

Inventory:

Hand weapons
 a - a +1 trident of freezing
 b - a +0 shortbow (weapon)
 L - a +0 blowgun {@w1}
Missiles
 u - 10 steel bolts
 v - 76 bolts
 y - 16 arrows (quivered)
 A - 10 poisoned needles
 F - 3 needles of slowing
 K - 12 poisoned arrows
Armour
 l - a +1 hat (worn)
 n - a +0 robe (worn)
 w - a +1 cloak of magic resistance (worn)
Rods
 f - a +0 rod of shadows (12/12) {!a}
   (You found it on level 6 of the Dungeon)
Jewellery
 g - a ring of protection from cold (left hand)
Magical devices
 o - a wand of confusion (29)
 z - a wand of digging (8)
 E - a wand of slowing (24)
Scrolls
 d - 3 scrolls of identify {@r1}
 e - a scroll of amnesia {unknown}
 h - 2 scrolls of fog
 j - a scroll of blinking
 q - a scroll of noise {!r}
 r - 2 scrolls of immolation {unknown}
 s - 2 scrolls of remove curse
 B - a scroll of recharging {unknown}
 D - a scroll of enchant armour {unknown}
 G - a scroll of teleportation {unknown}
 H - a scroll of fear {unknown}
Potions
 i - 3 potions of resistance
 k - 2 potions of cancellation
 m - a potion of magic
 p - a potion of berserk rage {!q}
 t - 2 potions of curing {@q1}
 x - a potion of flight {unknown}
Comestibles
 c - a beef jerky
 C - 6 fruits


   Skills:
 - Level 3.7 Fighting
 - Level 7.4 Polearms
 + Level 8.9 Bows
 - Level 3.2 Throwing
 - Level 1.1 Stealth
 - Level 1.7 Spellcasting
 - Level 2.6 Fire Magic


You had 9 spell levels left.
You knew the following spells:

 Your Spells              Type           Power        Failure   Level  Hunger
a - Flame Tongue          Conj/Fire      #....        21%         1    ##.....


Dungeon Overview and Level Annotations

Branches:
Dungeon (6/15)
 Temple: D:4-7

Altars:
Ashenzari
Elyvilon
Trog
The Shining One

Annotations:
D:3 mauris' ghost, average MfTm


Innate Abilities, Weirdness & Mutations

You have hooves in place of feet.
Armour fits poorly on your strangely shaped body.
You cover ground very quickly.
You have extremely tough skin (AC +3).


Message History

Press: ? - help, Shift-Dir - straight line, f/p - centaur
Aim: a centaur, wielding a shortbow (heavily wounded)
You shoot an arrow. The arrow hits the centaur.
The centaur is severely wounded.
The centaur shoots an arrow.
The arrow completely misses you.
Unknown command.
Firing (i - inventory. (,) - cycle):
y - 18 arrows (quivered)
Press: ? - help, Shift-Dir - straight line, f/p - centaur
Aim: a centaur, wielding a shortbow (severely wounded)
You shoot an arrow. The arrow hits the centaur.
The centaur is almost dead.
The centaur shoots an arrow.
The arrow hits you!
* * * LOW HITPOINT WARNING * * *
Huge Dmg: -12%(-8hp) hp: 13%(8hp) Firing (i - inventory. (,) - cycle):
y - 17 arrows (quivered)
Press: ? - help, Shift-Dir - straight line, f/p - centaur
Aim: a centaur, wielding a shortbow (almost dead)
You shoot an arrow. The arrow barely misses the centaur.
The centaur shoots an arrow.
The arrow hits you!
You die...

7..# ##.###........#
#........ ~P.# #..#
#........###........ ~~P#
##.## #........##.........
~~.# #..#
#.........#.##...... ~~.#
##.#####.........#)##......
~P.# ##..#
#...........).###..... 7#.#
#^.## #.~.~...)...(##
#..... ##.###..#
#~~~~7....c(.# ##....
##......# #.~~7c..###..#
#.... ..###...#
###(.#####..## ###..
#.)....## #### ##..# ###
######.# #...## ~77 77P..##
~ 7~~~.# 7~ ~~~~P~~~~7~7#
~~ ~~~~~~7~~77 ~ ~;~((7~~P~


You could see a centaur.

Vanquished Creatures
  A wyvern (D:5)
  A water moccasin (D:5)
  An ice beast (D:5)
  A centaur (D:5)
  3 ogres
  2 giant frogs (D:6)
  A scorpion (D:4)
  3 wights (D:6)
  2 electric eels (D:6)
  2 crimson imps (D:6)
  A goliath beetle (D:4)
  Crazy Yiuf (D:3)
  A centaur skeleton (D:6)
  2 hounds
  2 orc wizards
  Ijyb (D:4)
  A hound skeleton (D:4)
  A worker ant zombie (D:5)
  14 gnolls
  Robin (D:4)
  4 river rats (D:2)
  7 adders
  2 giant mites
  A shadow imp (D:5)
  7 worms
  4 giant geckos
  3 oozes
  11 orcs
  11 bats
  A bat skeleton (D:5)
  A bat zombie (D:6)
  5 giant cockroaches
  15 hobgoblins
  8 jackals
  16 kobolds
  2 quokkas (D:2)
  A ball python (D:3)
  2 giant newts (D:2)
  19 goblins
  A goblin skeleton (D:5)
  A goblin zombie (D:5)
  2 hobgoblin zombies (D:5)
  A kobold skeleton (D:5)
  A kobold zombie (D:5)
  An orc skeleton (D:5)
  8 rats
177 creatures vanquished.

Vanquished Creatures (others)
  A fungus (D:3)
1 creature vanquished.

Grand Total: 178 creatures vanquished

Notes
Turn   | Place    | Note
--------------------------------------------------------------
     0 | D:1      | mauris, the Centaur Wanderer, began the quest for the Orb.
     0 | D:1      | mauris set off with: a book of Minor Magic, the Almanac of Poison, the Catalogue of Fiery Attacks, a +0 robe, a +0 club, a bread ration
     0 | D:1      | Reached XP level 1. HP: 16/16 MP: 2/2
     0 | D:1      | Identified the Almanac of Poison
     0 | D:1      | Identified the Catalogue of Fiery Attacks
     2 | D:1      | Learned a level 1 spell: Flame Tongue
    75 | D:1      | Reached skill level 3 in Throwing
   320 | D:1      | Huge Dmg: 5 Dmg
   323 | D:1      | Huge Dmg: 6 Dmg
   323 | D:1      | Reached XP level 2. HP: 7/23 MP: 3/3
  1145 | D:2      | Huge Dmg: 8 Dmg
  1209 | D:2      | Huge Dmg: 5 Dmg
  1297 | D:1      | Huge Dmg: 4 Dmg
  1550 | D:2      | Huge Dmg: 5 Dmg
  1558 | D:2      | Huge Dmg: 3 Dmg
  1750 | D:2      | Huge Dmg: 8 Dmg
  1751 | D:2      | Huge Dmg: 6 Dmg
  2175 | D:2      | Reached XP level 3. HP: 27/29 MP: 5/5
  2196 | D:2      | Found a white marble altar of Elyvilon.
  2269 | D:3      | Noticed mauris' ghost (average MfTm)
  2290 | D:2      | Huge Dmg: 12 Dmg
  2695 | D:2      | Huge Dmg: 8 Dmg
  2917 | D:2      | Huge Dmg: 5 Dmg
  3012 | D:2      | Huge Dmg: 5 Dmg
  3377 | D:2      | Huge Dmg: 8 Dmg
  3495 | D:2      | Reached XP level 4. HP: 38/38 MP: 0/5
  3915 | D:3      | Huge Dmg: 7 Dmg
  3916 | D:3      | Huge Dmg: 10 Dmg
  4303 | D:2      | Huge Dmg: 9 Dmg
  4812 | D:4      | noooo
  4814 | D:4      | Reached XP level 5. HP: 29/46 MP: 6/6
  4821 | D:4      | Huge Dmg: 8 Dmg
  4824 | D:4      | Huge Dmg: 6 Dmg
  4830 | D:4      | Huge Dmg: 4 Dmg
  5263 | D:2      | what the fuck
  5279 | D:2      | Huge Dmg: 6 Dmg
  5280 | D:2      | Huge Dmg: 5 Dmg
  5587 | D:2      | Huge Dmg: 9 Dmg
  5609 | D:2      | Huge Dmg: 6 Dmg
  5611 | D:2      | Huge Dmg: 6 Dmg
  6603 | D:3      | Reached XP level 6. HP: 52/52 MP: 8/8
  6620 | D:3      | Noticed Crazy Yiuf
  6641 | D:3      | Huge Dmg: 15 Dmg
  6672 | D:3      | Huge Dmg: 9 Dmg
  6675 | D:3      | Huge Dmg: 13 Dmg
  6701 | D:3      | Killed Crazy Yiuf
  6701 | D:3      | Reached skill level 4 in Polearms
  6963 | D:3      | Found a shattered altar of Ashenzari.
  7501 | D:4      | Noticed an ogre
  7525 | D:4      | Killed an ogre
  7525 | D:4      | Reached skill level 5 in Polearms
  7627 | D:4      | Noticed Robin
  7628 | D:4      | hi...
  7640 | D:4      | Killed Robin
  7698 | D:4      | Noticed Ijyb
  7703 | D:4      | Noticed an ogre
  7712 | D:4      | Killed Ijyb
  7758 | D:4      | die imo
  7760 | D:4      | Huge Dmg: 14 Dmg
  7762 | D:4      | Killed an ogre
  7762 | D:4      | Reached XP level 7. HP: 42/58 MP: 8/8
  7917 | D:4      | Reached skill level 6 in Polearms
  8308 | D:5      | Entered Level 5 of the Dungeon
  8314 | D:5      | nice
  8558 | D:5      | Reached skill level 7 in Polearms
  8643 | D:5      | Found a glowing golden altar of the Shining One.
  8770 | D:5      | Found a bloodstained altar of Trog.
  8798 | D:5      | Huge Dmg: 12 Dmg
  9054 | D:5      | Reached XP level 8. HP: 62/66 MP: 9/9
  9058 | D:5      | Reached skill level 1 in Bows
  9138 | D:5      | Noticed a wyvern
  9155 | D:5      | Huge Dmg: 13 Dmg
  9155 | D:5      | Killed a wyvern
  9502 | D:5      | Reached skill level 5 in Bows
  9801 | D:6      | Huge Dmg: 17 Dmg
 10124 | D:6      | Reached skill level 8 in Bows
 10131 | D:6      | Huge Dmg: 9 Dmg
 10133 | D:6      | Huge Dmg: 11 Dmg
 10349 | D:6      | Huge Dmg: 15 Dmg
 10350 | D:6      | Huge Dmg: 16 Dmg
 10351 | D:6      | Huge Dmg: 17 Dmg
 10360 | D:6      | Huge Dmg: 3 Dmg
 10542 | D:6      | Huge Dmg: 9 Dmg
 10568 | D:6      | Huge Dmg: 13 Dmg
 10571 | D:6      | Huge Dmg: 8 Dmg
 10571 | D:6      | Shot with an arrow by a centaur

Action                   |  1- 3 |  4- 6 |  7- 9 || total
-------------------------+-------+-------+-------++-------
Melee: Club              |   121 |    24 |       ||   145
       Spear             |       |   409 |       ||   409
       Trident           |       |    61 |   235 ||   296
 Fire: Blowgun           |       |     9 |    19 ||    28
       Shortbow          |       |       |    59 ||    59
 Cast: Flame Tongue      |    53 |     2 |       ||    55
Evoke: Wand              |       |     1 |       ||     1
  Use: Scroll            |     2 |     4 |     5 ||    11
  Eat: Bread ration      |     2 |       |       ||     2
       Chunk             |     1 |    10 |     8 ||    19
       Beef jerky        |     1 |       |       ||     1

Vault maps used:
D:1:      dpeg_arrival_pits, minmay_strange_pillars, baited_tele_trap
D:2:      wad_woods_tower, elyvilon_altar_3, first_bread
D:3:      ashenzari_conservatory_becter, uniq_crazy_yiuf_cottage
D:4:      uniq_iyjb, uniq_robin
D:5:      bloody_trog, nicolae_tso_besieged_by_evil
D:6:      serial_shops, nicolae_shop_overgrown_old_shop, serial_bayou,
          serial_bayou_crossing, serial_bayou_ford_a, serial_bayou_pond_d,
          serial_bayou_pond_b, serial_bayou_lake_a
